 Dungeon Crawl Stone Soup version 0.23.0-2-g0fe3ce5 (webtiles) character file.

Game seed: 9767577229775365081

132 Inarius the Skirmisher (level 5, -1/46 HPs)
             Began as a Ghoul Fighter on Feb 19, 2019.
             Killed from afar by Grinder (8 damage)
             ... with a wand of flame (12)
             ... while paralysed by Grinder
             ... on level 3 of the Dungeon.
             The game lasted 00:03:10 (1999 turns).

Inarius the Skirmisher (Ghoul Fighter)              Turns: 1999, Time: 00:03:11

Health: -1/46      AC:  8    Str: 20    XL:     5   Next: 15%
Magic:  4/4        EV:  2    Int:  4    God:
Gold:   60         SH:  0    Dex:  8    Spells: 4/4 levels left

rFire    . . .     SeeInvis .   a - +0 war axe
rCold    + . .     Gourm    .   c - +0 shield
rNeg     + + +     Faith    .   b - +0 scale mail
rPois    ∞         Spirit   .   (no helmet)
rElec    .         Reflect  .   (no cloak)
rCorr    +         Harm     .   v - +0 pair of gloves
MR       .....                  (no boots)
Stlth    ..........             (no amulet)
HPRegen  0.00/turn              n - ring of resist corrosion
MPRegen  0.09/turn              (no ring)

@: paralysed, rotting
A: rotting body, claws 1, carnivore, cold resistance 1, negative energy
resistance 3, inhibited regeneration, torment resistance, unbreathing
a: no special abilities


You were on level 3 of the Dungeon.
You were not hungry.

You visited 1 branch of the dungeon, and saw 3 of its levels.

You collected 60 gold pieces.

Inventory:

Hand Weapons
 a - a +0 war axe (weapon)
Armour
 b - a +0 scale mail (worn)
 c - a +0 shield (worn)
 i - a +0 large shield
 v - a +0 pair of gloves (worn)
Jewellery
 n - a ring of resist corrosion (left hand)
Scrolls
 e - 2 scrolls of enchant weapon {unknown}
 h - a scroll of fear {unknown}
 r - a scroll of teleportation {unknown}
 s - 4 scrolls of identify {unknown}
Potions
 d - 3 potions of might
 g - a potion of cancellation {unknown}
 j - a potion of brilliance {unknown}
 k - a potion of resistance {unknown}
 l - a potion of magic {unknown}
 m - 2 potions of haste {unknown}
 p - a potion of heal wounds {unknown}
 q - a potion of curing {unknown}
 t - 2 potions of lignification {unknown}
 u - a potion of degeneration {unknown}
Comestibles
 f - 5 rations


   Skills:
 + Level 3.8 Fighting
 * Level 3.3 Axes
 + Level 3.4 Armour
 + Level 0.8 Dodging
 + Level 0.1 Stealth
 + Level 3.0 Shields


You had 4 spell levels left.
You didn't know any spells.
Your spell library was empty.

Dungeon Overview and Level Annotations

Branches:
Dungeon (3/15)

Altars:

Annotations:
D:3 Grinder


Innate Abilities, Weirdness & Mutations

Your body is rotting away.
You thrive on raw meat.
You are immune to poison.
You have sharp fingernails.
You are carnivorous and can eat meat at any time.
Your flesh is cold resistant. (rC+)
You are immune to negative energy. (rN+++)
You do not regenerate when monsters are visible.
You are immune to unholy pain and torment.
You can survive without breathing.


Message History

Grinder zaps a wand.
The puff of flame hits you.
* * * LOW HITPOINT WARNING * * *
You start resting.
Grinder is too close now for your liking.
You closely miss Grinder.
Grinder is severely wounded.
Grinder hits you but does no damage.
You closely miss Grinder.
Grinder is severely wounded.
Grinder hits you.
* * * LOW HITPOINT WARNING * * *
You closely miss Grinder.
Grinder is severely wounded.
Grinder hits you.
* * * LOW HITPOINT WARNING * * *
Grinder blinks!
Grinder gestures at you.
You suddenly lose the ability to move!
Grinder zaps a wand.
The puff of flame hits you!
You die...

# #.##.#.#
#.#####.#..÷.# ####
##.#...........###.....
........#..........#
###.###5#.......####
#.###.#.....÷..#
#....)####....##
.#######.# ###.##
.......@.# #.#
########.# #.# #.#
##'## #.# ##...## #.#
##.....##
#.###......)## #
#.##.........####
...+.........'...
#.........####


You could see Grinder.

Vanquished Creatures
  2 orc priests (D:2)
  An orc wizard (D:2)
  A worm (D:2)
  A dart slug (D:1)
  A leopard gecko (D:3)
  2 orcs (D:2)
  4 bats
  A giant cockroach (D:1)
  3 hobgoblins
  3 kobolds
  A quokka (D:2)
  3 ball pythons
  6 frilled lizards
  6 goblins
  7 rats
42 creatures vanquished.

Notes
Turn   | Place    | Note
-------+----------+-------------------------------------------
     0 | D:1      | Inarius the Ghoul Fighter began the quest for the Orb.
     0 | D:1      | Reached XP level 1. HP: 19/19 MP: 0/0
   316 | D:1      | Reached XP level 2. HP: 26/26 MP: 1/1
   976 | D:2      | Reached XP level 3. HP: 31/31 MP: 2/2
  1215 | D:2      | Noticed a sky beast
  1525 | D:2      | Reached XP level 4. HP: 24/40 MP: 3/3
  1566 | D:2      | Reached XP level 5. HP: 24/46 MP: 4/4
  1952 | D:3      | Noticed Grinder
  1958 | D:3      | Paralysed by Grinder for 5 turns
  1977 | D:3      | Paralysed by Grinder for 4 turns
  1996 | D:3      | Paralysed by Grinder for 5 turns
  1999 | D:3      | Killed from afar by Grinder

Skill      XL: |  1  2  3  4 |
---------------+-------------+-----
Armour         | 3 |  3.4
Axes           | 2 3 |  3.3
Shields        | 3 |  3.0
Fighting       | |  3.8
Dodging        | |  0.8
Stealth        | |  0.1

Action                   |  1- 3 |  4- 6 || total
-------------------------+-------+-------++-------
Melee: War axe           |    77 |    61 ||   138
  Eat: Chunk             |    14 |    15 ||    29
Armor: Scale mail        |    24 |    41 ||    65
Dodge: Dodged            |    27 |    16 ||    43
Block: Shield            |    36 |    38 ||    74
